 Dungeon Sprint DCSS version 0.30.1-4-g462c640d31 (webtiles) character file.

Game seed: 12145767204941581630

4468 Heoruswealwe the Ninja (level 10, 0/55 HPs)
             Began as a Spriggan Artificer on Sept 13, 2023.
             Was an Initiate of Gozag.
             Slain by a deep troll (14 damage)
             ... in the Dungeon (Sprint I: "Red Sonja").
             The game lasted 00:08:30 (462 turns).

Heoruswealwe the Ninja (Spriggan Artificer)          Turns: 462, Time: 00:08:33

Health: 0/55       AC:  2    Str:  8    XL:     10   Next: 15%
Magic:  11/11      EV: 27    Int: 13    God:    Gozag
Gold:   424        SH:  0    Dex: 20    Spells: 9/9 levels left

rFire   . . .        a - +0 dagger
rCold   . . .        (no shield)
rNeg    . . .        c - +0 robe
rPois   .            (helmet restricted)
rElec   .            (no cloak)
rCorr   .            (gloves unavailable)
SInv    +            (boots unavailable)
Will    +....        (no amulet)
Stlth   ++++++++++   (no ring)
HPRegen 0.29/turn    (no ring)
MPRegen 0.12/turn

%: no teleportation
@: very quick
A: very small, no large weapons, unfitting armour, see invisible, speed 3
a: Renounce Religion, Potion Petition, Call Merchant, Bribe Branch


You were in the Dungeon.
You worshipped Gozag.
Gozag was aware of your devotion.
You visited 1 branch You collected 459 gold pieces.
You donated 35 gold pieces to Zin.

Inventory:

Hand Weapons
 a - a +0 dagger (weapon)
Armour
 c - a +0 robe (worn)
Wands
 b - a wand of flame (2) (quivered)
 d - a wand of charming (25)
 h - a wand of digging (5)
Scrolls
 k - a scroll of blinking
Potions
 f - a potion of curing
 g - 2 potions of heal wounds
 i - a potion of lignification {unknown}


   Skills:
 + Level 7.2 Fighting
 + Level 9.4 Short Blades
 * Level 12.4 Dodging
 O Level 27 Stealth
 - Level 4.0 Evocations


You had 9 spell levels left.
You didn't know any spells.
Your spell library was empty.

Dungeon Overview and Level Annotations

Branches:
Dungeon (1/1)

Altars:
Cheibriados
Dithmenos
Elyvilon
Fedhas
Gozag
Hepliaklqana
Kikubaaqudgha
Nemelex Xobeh
Okawaru
Qazlal
Ru
Sif Muna
Trog
Uskayaw
Vehumet
Wu Jian
Yredelemnul
Zin
The Shining One

Shops:
D :?


Innate Abilities, Weirdness & Mutations

You are very small and have problems with some larger weapons.
You are too small for most types of armour.
You have supernaturally acute eyesight. (SInv)
You cover ground extremely quickly. (Speed+++)


Message History

Aim: a deep troll (almost dead, 71% to hit)
The puff of flame hits the deep troll but does no damage.
The deep troll is almost dead.
Aiming: Throw Flame
Press: ? - help, Shift-Dir - straight line, f/p - deep troll
Aim: a deep troll (severely wounded, 71% to hit)
The puff of flame hits the deep troll.
The deep troll is severely wounded.
Aiming: Throw Flame
Press: ? - help, Shift-Dir - straight line, f/p - deep troll
Aim: a deep troll (severely wounded, 71% to hit)
The puff of flame hits the deep troll.
The deep troll is almost dead.
Aiming: Throw Flame
Press: ? - help, Shift-Dir - straight line, f/p - deep troll
Aim: a deep troll (severely wounded, 71% to hit)
The puff of flame misses the deep troll.
Aiming: Throw Flame
Press: ? - help, Shift-Dir - straight line, f/p - deep troll
Aim: a deep troll (severely wounded, 71% to hit)
The puff of flame hits the deep troll.
The deep troll is almost dead.
The deep troll completely misses you. The deep troll claws you.
The deep troll completely misses you.
Aiming: Throw Flame
Press: ? - help, Shift-Dir - straight line, f/p - deep troll
Aim: a deep troll (almost dead, 71% to hit)
The puff of flame hits the deep troll.
The deep troll is almost dead.
The deep troll bites you. The deep troll completely misses you.
The deep troll claws you!
* * * LOW HITPOINT WARNING * * *
Aiming: Throw Flame
Press: ? - help, Shift-Dir - straight line, f/p - deep troll
Aim: a deep troll (almost dead, 71% to hit)
The puff of flame hits the deep troll but does no damage.
The deep troll is almost dead.
The deep troll completely misses you. x2; The deep troll claws you!
You die...
Your body crumbles into a pile of gold.

#⌠⌠#_.∩...'..._# $$
##.#_..__##_.#'#
#..#_____###'#.#
############.####+###
#∩........'...'$$.$$+
###''''####.).#######
#.......####.##
#........#$#+#$
#..#...@.#$ $ $
#......T.#$ $
#.....#..# #........#
#..#.....# $
#........# ###++++###


You could see a deep troll.

Vanquished Creatures
  Sonja (D)
  8 shining eyes (D)
  Sigmund (D)
  A yak (D)
  4 floating eyes (D)
  An ogre (D)
  A jelly (D)
  Ijyb (D)
18 creatures vanquished.

Notes
Turn   | Place    | Note
-------+----------+-------------------------------------------
     0 | D        | Heoruswealwe the Spriggan Artificer began the quest for the
                  | Orb.
     0 | D        | Reached XP level 1. HP: 9/9 MP: 2/2
     1 | D        | Noticed Ijyb
    12 | D        | Killed Ijyb
    13 | D        | Reached skill level 9 in Stealth
    13 | D        | Reached XP level 2. HP: 9/14 MP: 3/3
    56 | D        | Noticed an ogre
    72 | D        | Killed an ogre
    73 | D        | Reached skill level 13 in Stealth
    73 | D        | Reached XP level 3. HP: 17/17 MP: 4/4
    73 | D        | Reached XP level 4. HP: 21/21 MP: 5/5
    89 | D        | Noticed Sigmund
    92 | D        | Killed Sigmund
    93 | D        | Reached skill level 18 in Stealth
    93 | D        | Reached XP level 5. HP: 25/25 MP: 6/6
   104 | D        | Found an ornate altar of the Wu Jian Council.
   104 | D        | Found a shimmering blue altar of Sif Muna.
   106 | D        | Found a radiant altar of Vehumet.
   111 | D        | Reached skill level 19 in Stealth
   111 | D        | Reached XP level 6. HP: 29/29 MP: 7/7
   133 | D        | Found Heumu's Magic Scroll Emporium.
   133 | D        | Found an ancient bone altar of Kikubaaqudgha.
   133 | D        | Found a hazy altar of Hepliaklqana.
   133 | D        | Found a stormy altar of Qazlal.
   133 | D        | Found a hide-covered altar of Uskayaw.
   133 | D        | Found a blossoming altar of Fedhas.
   133 | D        | Found a bloodstained altar of Trog.
   133 | D        | Found an iron altar of Okawaru.
   133 | D        | Found a basalt altar of Yredelemnul.
   133 | D        | Found a glowing golden altar of the Shining One.
   133 | D        | Found a snail-covered altar of Cheibriados.
   133 | D        | Found a sacrificial altar of Ru.
   133 | D        | Found a glowing silver altar of Zin.
   133 | D        | Found a shadowy altar of Dithmenos.
   133 | D        | Found a white marble altar of Elyvilon.
   133 | D        | Noticed a yak
   134 | D        | Found an opulent altar of Gozag.
   135 | D        | Killed a yak
   136 | D        | Reached skill level 21 in Stealth
   136 | D        | Found a sparkling altar of Nemelex Xobeh.
   141 | D        | Became a worshipper of Zin the Law-Giver
   141 | D        | Reached * piety under Zin
   141 | D        | Reached ** piety under Zin
   141 | D        | Reached *** piety under Zin
   141 | D        | Reached **** piety under Zin
   141 | D        | Reached ***** piety under Zin
   141 | D        | Reached ****** piety under Zin
   150 | D        | Noticed Sonja
   154 | D        | Killed Sonja
   155 | D        | Reached skill level 25 in Stealth
   155 | D        | Reached XP level 7. HP: 32/32 MP: 8/8
   170 | D        | Found Ybekhoup's Book Boutique.
   181 | D        | Noticed a shining eye
   181 | D        | Noticed a shining eye
   181 | D        | Noticed a shining eye
   181 | D        | Noticed a shining eye
   181 | D        | Noticed a shining eye
   181 | D        | Noticed a shining eye
   184 | D        | Reached skill level 1 in Fighting
   184 | D        | Reached skill level 1 in Short Blades
   184 | D        | Reached XP level 8. HP: 37/37 MP: 9/9
   184 | D        | Noticed a shining eye
   184 | D        | Noticed a shining eye
   190 | D        | Reached skill level 5 in Dodging
   190 | D        | Paralysed by a floating eye for 2 turns
   194 | D        | Killed a shining eye
   196 | D        | Killed a shining eye
   197 | D        | Reached skill level 5 in Short Blades
   197 | D        | Reached skill level 26 in Stealth
   197 | D        | Reached XP level 9. HP: 46/46 MP: 10/10
   199 | D        | Killed a shining eye
   200 | D        | Reached skill level 5 in Fighting
   202 | D        | Killed a shining eye
   208 | D        | Killed a shining eye
   209 | D        | Reached skill level 10 in Dodging
   211 | D        | Paralysed by a floating eye for 3 turns
   221 | D        | Paralysed by a floating eye for 3 turns
   301 | D        | Killed a shining eye
   302 | D        | Reached skill level 27 in Stealth
   357 | D        | Killed a shining eye
   358 | D        | Reached XP level 10. HP: 53/53 MP: 11/11
   389 | D        | Killed a shining eye
   413 | D        | Fell from the grace of Zin
   413 | D        | Became a worshipper of Gozag Ym Sagoz the Greedy
   421 | D        | Noticed a deep troll
   462 | D        | Slain by a deep troll

Illustrated notes

Levels and vault maps discovered:
D:        dungeon_sprint_1 [red_sonja_temple_1, red_sonja_temple_small_1]

Skill      XL: |  1  2  3  4  5  6  7  8  9 10 |
---------------+-------------------------------+-----
Stealth        | 9 13 18 19 25 26 27 | 27.0
Fighting       | 1 4 6 7 |  7.2
Short Blades   | 1 5 9 |  9.4
Dodging        | 7 11 12 | 12.4
Evocations     | |  4.0

Action                     |  1- 3 |  4- 6 |  7- 9 | 10-12 || total
---------------------------+-------+-------+-------+-------++-------
  Melee: Club              |     8 |       |       |       ||     8
         Dagger            |       |     4 |   142 |    31 ||   177
         Punch             |       |       |     8 |     3 ||    11
  Evoke: Wand              |     5 |       |       |    14 ||    19
    Use: Potion            |     2 |       |       |       ||     2
   Stab: Sleeping          |       |     4 |     8 |       ||    12
  Dodge: Dodged            |     4 |       |       |     9 ||    13
